 Dungeon Crawl Stone Soup version 0.27-a0-200-g8ba017916c (webtiles) character file.

Game seed: 5783148719517993209

366 mg7810 the Sneak (level 6, -3/52 HPs)
             Began as a Draconian Delver on Jan 30, 2021.
             Slain by an orc
             ... wielding a +0 flail
              (7 damage)
             ... on level 4 of the Dungeon.
             The game lasted 00:11:08 (4033 turns).

mg7810 the Sneak (Draconian Delver)                 Turns: 4033, Time: 00:11:08

Health: -3/52      AC:  9    Str: 16 (17) XL:     6   Next: 40%
Magic:  15/15      EV: 12    Int:  8 (10) God:
Gold:   202        SH:  0    Dex:  5 (12) Spells: 5/5 levels left

rFire    . . .     SeeInvis .   s - +0 long sword
rCold    . . .     Faith    .   (no shield)
rNeg     . . .     Spirit   .   (armour unavailable)
rPois    .         Reflect  .   (helmet restricted)
rElec    .         Harm     .   i - +0 cloak
rCorr    .         Rampage  .   (no gloves)
Will     .....                  v - +1 pair of boots
Stlth    ++........             (no amulet)
HPRegen  0.17/turn              t - ring of magical power
MPRegen  0.14/turn              (no ring)

@: no status effects
A: unfitting armour, cold-blooded, AC +6
a: no special abilities


You were on level 4 of the Dungeon.
You visited 1 branch of the dungeon, and saw 5 of its levels.

You collected 202 gold pieces.

Inventory:

Hand Weapons
 s - a +0 long sword (weapon)
Missiles
 n - 7 poisoned darts (quivered)
Armour
 i - a +0 cloak (worn)
 v - a +1 pair of boots (worn)
Jewellery
 t - a ring of magical power (left hand)
Wands
 f - a wand of digging (3)
Scrolls
 b - a scroll of fog
 c - 2 scrolls of magic mapping
 d - a scroll of fear
 g - a scroll of amnesia {unknown}
 h - a scroll of enchant armour {unknown}
 l - 4 scrolls of teleportation {unknown}
 o - a scroll of enchant weapon {unknown}
 p - a scroll of random uselessness {unknown}
 q - a scroll of immolation {unknown}
 u - 2 scrolls of identify
 w - a scroll of remove curse {unknown}
Potions
 j - a potion of brilliance


   Skills:
 + Level 4.1 Fighting
 + Level 3.8 Long Blades
 + Level 3.0 Dodging
 + Level 5.3 Stealth
 * Level 2.3 Unarmed Combat
 * Level 2.0 Evocations


You had 5 spell levels left.
You didn't know any spells.
Your spell library was empty.

Dungeon Overview and Level Annotations

Branches:
Dungeon (5/15)
 Temple: D:4-7

Altars:


Innate Abilities, Weirdness & Mutations

Your plain brown scales are hard. (AC +6)
You cannot fit into any form of body armour.
You are cold-blooded and may be slowed by cold attacks.


Message History

You kill the orc!
The adder bites you but does no damage.
You slash the adder!
The adder is severely wounded.
The adder barely misses you.
You hit the adder.
You kill the adder!
The orc hits you but does no damage.
You feel your dexterity returning.
You hit the orc but do no damage. The orc hits you with a +0 flail!
* * * LOW HITPOINT WARNING * * *
You barely miss the orc. The orc hits you but does no damage.
You hit the orc.
The orc is almost dead.
The orc hits you with a +0 flail.
* * * LOW HITPOINT WARNING * * *
You barely miss the orc.
The orc is almost dead.
The orc hits you with a +0 flail!
You die...

.... #... ## ...#
##.###...#
#...#...#
##..#...#
..#.....#
#.....)<#
##.##.#@# #..
####o...... #...
....... #.
#..###. .......
.... ###.....
##.(...
...g##...... #
.....
...........# .#
#...
...........##..#
..#
..........>....##


You could see an orc.

Vanquished Creatures
  2 scorpions
  A quasit (D:3)
  An orc priest (D:4)
  4 gnolls (D:3)
  7 adders
  2 ufetubi (D:3)
  3 worms
  2 leopard geckos
  7 orcs
  9 bats
  3 giant cockroaches
  8 hobgoblins
  6 jackals
  2 kobolds (D:3)
  4 quokkas (D:3)
  A ball python (D:1)
  2 frilled lizards (D:3)
  9 goblins
  10 rats
83 creatures vanquished.

Notes
Turn   | Place    | Note
-------+----------+-------------------------------------------
     0 | D:5      | mg7810 the Draconian Delver began the quest for the Orb.
     0 | D:5      | Reached XP level 1. HP: 19/19 MP: 1/1
    47 | D:4      | Noticed a quasit
   128 | D:2      | Noticed a scorpion
   151 | D:2      | Reached XP level 2. HP: 24/26 MP: 2/2
   461 | D:1      | Reached skill level 5 in Stealth
   510 | D:1      | Reached XP level 3. HP: 31/31 MP: 3/3
  1547 | D:2      | Killed a scorpion
  1548 | D:2      | Reached skill level 1 in Unarmed Combat
  1548 | D:2      | Reached skill level 1 in Evocations
  1548 | D:2      | Reached XP level 4. HP: 27/39 MP: 4/4
  2587 | D:3      | Reached XP level 5. HP: 46/46 MP: 5/5
  3802 | D:3      | Reached XP level 6. HP: 43/52 MP: 6/6
  4033 | D:4      | Slain by an orc

Illustrated notes

Levels and vault maps discovered:
D:1:      roderic_octagonal_star, layout_basic
D:2:      lemuel_upstairs_altar, layout_basic, serial_rivers,
          chequers_serial_rivers_small_a, chequers_serial_rivers_micro_d,
          chequers_serial_rivers_large_a, chequers_serial_rivers_micro_c
D:3:      wad_river_or_something, layout_loops_ring, minmay_increasing_density
D:4:      layout_cave_pools
D:5:      layout_basic, nrook_mini_backslash, hangedman_glass_teeth,
          serial_park_tiny_pond, uniq_blork_the_orc

Skill      XL: |  1  2  3  4  5  6 |
---------------+-------------------+-----
Dodging        | 2 3 |  3.0
Stealth        | 5 |  5.3
Unarmed Combat | 1 2 |  2.3
Evocations     | 1 2 |  2.0
Long Blades    | 3 |  3.8
Fighting       | 4 |  4.1

Action                   |  1- 3 |  4- 6 || total
-------------------------+-------+-------++-------
Melee: Falchion          |    97 |    66 ||   163
       Tailslap          |    13 |    17 ||    30
       Punch             |     1 |     2 ||     3
       Long sword        |       |   115 ||   115
  Use: Potion            |     5 |     4 ||     9
       Scroll            |     1 |     1 ||     2
 Stab: Sleeping          |     6 |     6 ||    12
Armor: Skin              |    38 |   123 ||   161
Dodge: Dodged            |    88 |   186 ||   274
       Rpst.: Falchion   |    22 |    10 ||    32
       Long sword        |       |    39 ||    39

Table legend: (Time is in decaauts)
 A = Elapsed time spent in this place.
 B = Non-inter-level travel time spent in this place.
 C = Inter-level travel time spent in this place.
 D = Time resting spent in this place.
 E = Time spent auto-exploring this place.
 F = Levels seen in this place.
 G = Mean time per level.
                   A        B        C        D        E       F      G
               +--------+--------+--------+--------+--------+-----+--------+
         Total |   4087 |   3970 |    117 |      0 |   2958 |   5 |  817.4 |
       Dungeon |   4087 |   3970 |    117 |      0 |   2958 |   5 |  817.4 |
               +--------+--------+--------+--------+--------+-----+--------+

Top non-repeatable levels by time:
     D:3: 1717 daAuts
     D:1: 1184 daAuts
     D:2: 1107 daAuts
     D:5: 46 daAuts
     D:4: 31 daAuts
